 Dungeon Crawl Stone Soup version 0.21-a0-442-g848f44b (webtiles) character file.

4903 kae the Geomancer (level 10, -9/58 HPs)
             Began as a Gargoyle Earth Elementalist on Nov 13, 2017.
             Was a Believer of Vehumet.
             Mangled by an ice devil (23 damage)
             ... on level 1 of the Lair of Beasts.
             The game lasted 00:10:51 (10011 turns).

kae the Geomancer (Gargoyle Earth Elementalist)    Turns: 10011, Time: 00:10:52

Health: -9/58      AC: 11    Str: 12    XL:     10   Next: 51%
Magic:  15/20      EV: 13    Int: 19    God:    Vehumet [**....]
Gold:   464        SH:  4    Dex: 10    Spells: 13/22 levels left

rFire    . . .     SeeInvis .   f - staff of conjuration
rCold    . . .     Gourm    .   t - +0 buckler
rNeg     + . .     Faith    .   c - +1 robe
rPois    ∞         Spirit   .   (no helmet)
rElec    +         Reflect  .   (no cloak)
rCorr    .         Harm     .   (no gloves)
MR       .....                  n - +0 pair of boots
Stlth    ++........             (no amulet)
HPRegen  0.19/turn              (no ring)
MPRegen  0.17/turn              (no ring)

@: no status effects
A: negative energy resistance 1, electricity resistance, unbreathing,
petrification resistance, rot immunity, AC +7
a: Renounce Religion


You were on level 1 of the Lair of Beasts.
You worshipped Vehumet.
Vehumet was pleased with you.
You were not hungry.

You visited 3 branches of the dungeon, and saw 10 of its levels.

You collected 464 gold pieces.

Inventory:

Hand Weapons
 g - a +1 whip
 I - the +4 war axe of Fate {pain, rF++}
   (You found it on level 8 of the Dungeon)

   In the hands of one skilled in necromantic magic, it inflicts extra damage on
   living creatures.
   It greatly protects you from fire.
Missiles
 b - 89 stones (quivered)
Armour
 c - a +1 robe (worn)
 n - a +0 pair of boots (worn)
 t - a +0 buckler (worn)
Magical Staves
 f - an uncursed staff of conjuration (weapon)
Wands
 i - a wand of paralysis (22/24)
 J - a wand of lightning (10/15)
 L - a wand of flame (19/48)
Scrolls
 h - 5 scrolls of remove curse
 l - a scroll of enchant weapon
 o - 10 scrolls of identify
 r - 2 scrolls of teleportation
 u - a scroll of recharging
 v - 2 scrolls of immolation
 D - 2 scrolls of enchant armour
 E - a scroll of blinking
Potions
 j - 4 potions of agility
 k - 4 potions of flight
 m - 8 potions of curing
 q - 4 potions of magic
 s - a potion of cancellation
 x - a potion of mutation
 z - a potion of lignification
 A - 2 potions of haste
 B - a potion of resistance
 C - a potion of heal wounds
Books
 e - a book of Geomancy

   Spells                             Type                      Level
   a - Sandblast                      Earth                        1
   b - Passwall                       Transmutation/Earth          2
   c - Stone Arrow                    Conjuration/Earth            3
   d - Petrify                        Transmutation/Earth          4
   e - Lee's Rapid Deconstruction     Earth                        5
 w - the Collected Works on Cold and Aid
   (You found it on level 4 of the Dungeon)

   Spells                             Type                      Level
   a - Infusion                       Charms                       1
   b - Ozocubu's Armour               Charms/Ice                   3
   c - Summon Ice Beast               Ice/Summoning                4
   d - Excruciating Wounds            Charms/Necromancy            5
   e - Bolt of Cold                   Conjuration/Ice              6
 F - a book of Misfortune

   Spells                             Type                      Level
   a - Confusing Touch                Hexes                        1
   b - Confuse                        Hexes                        3
   c - Gell's Gravitas                Translocation                3
   d - Petrify                        Transmutation/Earth          4
   e - Metabolic Englaciation         Hexes/Ice                    5
   f - Yara's Violent Unravelling     Hexes/Transmutation          5
Comestibles
 a - 2 meat rations
 d - 7 bread rations
 p - 2 royal jellies
 H - 24 fruits


   Skills:
 + Level 4.9 Fighting
 + Level 4.3 Staves
 + Level 4.1 Dodging
 - Level 2.1 Stealth
 - Level 4.0 Shields
 * Level 6.9 Spellcasting
 * Level 7.3 Conjurations
   Level 0.7 Transmutations
 * Level 9.3 Earth Magic


You had 13 spell levels left.
You knew the following spells:

 Your Spells              Type           Power        Failure   Level  Hunger
a - Sandblast             Erth           #####.       1%          1    None
b - Stone Arrow           Conj/Erth      ######       1%          3    #......
c - Lee's Rapid Deconstr  Erth           #####.....   6%          5    #####..


Dungeon Overview and Level Annotations

Branches:
Dungeon (8/15)             Temple (1/1) D:5            Lair (1/6) D:8

Altars:
Ashenzari
Cheibriados
Dithmenos
Elyvilon
Fedhas
Gozag
Hepliaklqana
Kikubaaqudgha
Makhleb
Nemelex Xobeh
Okawaru
Qazlal
Ru
Sif Muna
Trog
Uskayaw
Vehumet
Wu Jian
Xom
Yredelemnul
Zin
The Shining One

Portals:
Ice
Cave: Lair:1


Innate Abilities, Weirdness & Mutations

You are resistant to torment.
Your stone body is resilient. (AC +7)
You are immune to poison.
You resist negative energy. (rN+)
You are resistant to electric shocks. (rElec)
You can survive without breathing.
You are immune to petrification.
You are immune to rotting.


Message History

Aiming: Sandblast
Press: ? - help, Shift-Dir - straight line, f/p - ice devil
Aim: an ice devil (moderately wounded)
The blast of sand hits the ice devil.
The ice devil is moderately wounded.
b - 90 stones The ice devil hits you.
The ice devil freezes you!
* * * LOW HITPOINT WARNING * * *
Casting: Sandblast
Confirm with . or Enter, or press ? or * to list all spells.
Aiming: Sandblast
Press: ? - help, Shift-Dir - straight line, f/p - ice devil
Aim: an ice devil (moderately wounded)
The blast of sand hits the ice devil.
The ice devil is moderately wounded.
b - 89 stones The ice devil hits you.
* * * LOW HITPOINT WARNING * * *
The ice devil freezes you!!
You die...

##################
................P###
...................##
.#...##.####.P..#...#
##..##### #######.##
.#..######***** #..#
...†....##..,,*###.##
##......##....##.'.#
##..#####∩....4@#.#
#.## #....##.+.#* #.#
#...,*####.* #.#
##**** *## #.# ***
#.## ****,*
###..#####**,,,,*
...........,,,,,*
...........,,,,,**


You could see an ice devil.

Vanquished Creatures
  A hydra (Lair:1)
  A spiny frog (Lair:1)
  An ice devil (Lair:1)
  A troll (D:8)
  Prince Ribbit (D:7)
  A hungry ghost (D:8)
  Menkaure (D:7)
  2 water moccasins (Lair:1)
  3 porcupines (D:8)
  An orc warrior (D:6)
  An ice beast (D:7)
  A black bear (D:7)
  3 phantoms
  2 centaurs
  2 big kobolds (D:8)
  A crocodile (Lair:1)
  A bullfrog (D:7)
  A gnoll sergeant (D:3)
  5 scorpions
  2 vampire bats (D:5)
  2 howler monkeys (D:7)
  3 crimson imps
  2 bullfrog zombies (D:6)
  A quasit (D:5)
  5 hounds
  A bullfrog skeleton (D:6)
  A centaur skeleton (D:4)
  An iguana (D:8)
  7 orc wizards
  5 worker ants
  2 hound skeletons
  A worker ant zombie (D:8)
  5 gnolls
  9 adders
  3 shadow imps
  2 adder zombies
  2 oozes
  An adder skeleton (D:7)
  3 worms
  2 dart slugs (D:1)
  7 leopard geckos
  22 orcs
  17 bats
  3 giant cockroaches
  16 goblins
  10 hobgoblins
  8 jackals
  3 quokkas (D:2)
  4 frilled lizards
  13 kobolds
  A leopard gecko skeleton (D:6)
  7 rats
  A plant (D:8)
202 creatures vanquished.

Notes
Turn   | Place    | Note
-------+----------+-------------------------------------------
     0 | D:1      | kae the Gargoyle Earth Elementalist began the quest for the Orb.
     0 | D:1      | Reached XP level 1. HP: 10/10 MP: 3/3
   254 | D:1      | Reached XP level 2. HP: 12/15 MP: 5/5
   282 | D:1      | Reached skill level 4 in Earth Magic
   623 | D:1      | Reached XP level 3. HP: 7/19 MP: 4/6
   923 | D:1      | Learned a level 3 spell: Stone Arrow
  1280 | D:2      | Reached XP level 4. HP: 24/24 MP: 5/8
  1579 | D:2      | Reached skill level 1 in Conjurations
  1683 | D:2      | Found a sparkling altar of Nemelex Xobeh.
  2069 | D:3      | Reached skill level 5 in Earth Magic
  2120 | D:3      | Reached XP level 5. HP: 18/28 MP: 0/9
  3008 | D:4      | Reached skill level 1 in Fighting
  3162 | D:4      | Reached XP level 6. HP: 34/34 MP: 0/11
  3421 | D:3      | Reached skill level 1 in Shields
  3885 | D:4      | Identified the Collected Works on Cold and Aid
  3941 | D:4      | Reached skill level 1 in Staves
  4571 | D:5      | Entered Level 5 of the Dungeon
  4582 | D:5      | Reached XP level 7. HP: 28/39 MP: 8/12
  4950 | D:5      | Reached skill level 6 in Earth Magic
  5050 | D:5      | Found a bloodstained altar of Trog.
  5123 | D:5      | Found the +4 Vampire's Tooth {vamp}
  5371 | D:5      | Found a staircase to the Ecumenical Temple.
  5392 | Temple   | Entered the Ecumenical Temple
  5548 | Temple   | Became a worshipper of Vehumet
  5699 | D:6      | Reached XP level 8. HP: 45/45 MP: 6/14
  6186 | D:6      | Reached * piety under Vehumet
  6186 | D:6      | Offered knowledge of Shock by Vehumet.
  6394 | D:6      | Reached skill level 5 in Spellcasting
  6674 | D:6      | Reached skill level 7 in Earth Magic
  6985 | D:6      | Found a stormy altar of Qazlal.
  7545 | D:7      | Noticed Prince Ribbit
  7554 | D:7      | Killed Prince Ribbit
  7554 | D:7      | Reached skill level 5 in Conjurations
  7554 | D:7      | Reached XP level 9. HP: 46/51 MP: 12/17
  7799 | D:7      | Learned a level 5 spell: Lee's Rapid Deconstruction
  8008 | D:7      | Noticed Menkaure
  8015 | D:7      | Killed Menkaure
  8099 | D:7      | Reached skill level 8 in Earth Magic
  8428 | D:8      | Offered knowledge of Magic Dart by Vehumet.
  8433 | D:8      | Reached ** piety under Vehumet
  8555 | D:8      | Found a staircase to the Lair.
  8866 | D:8      | Got a dazzling war axe
  8971 | D:8      | Identified the +4 war axe of Fate {pain, rF++} (You found it on level 8 of the Dungeon)
  9031 | D:8      | Noticed a troll
  9037 | D:8      | Killed a troll
  9426 | D:8      | Found a deep blue altar of Sif Muna.
  9432 | D:8      | Reached XP level 10. HP: 55/58 MP: 10/19
  9443 | D:8      | Found a glowing silver altar of Zin.
  9696 | Lair:1   | Entered Level 1 of the Lair of Beasts
  9696 | Lair:1   | Noticed a spiny frog
  9720 | Lair:1   | Noticed a four-headed hydra
  9726 | Lair:1   | Killed a four-headed hydra
  9726 | Lair:1   | Reached skill level 9 in Earth Magic
  9734 | Lair:1   | Killed a spiny frog
 10004 | Lair:1   | Found a frozen archway.
 10011 | Lair:1   | Mangled by an ice devil

Vault maps used:
D:1:      kilobyte_arrival_exit_the_forest, minmay_hexomino_p4
D:2:      nemelex_xobeh_ov_fountains_minmay, first_bread
D:4:      corexii_shack_village
D:5:      nicolae_overflow_crystal_walls, minmay_temple_entry_nine_rooms,
          minmay_guarded_unrand_vampires_tooth
D:6:      nicolae_qazlal_general_emergency, lemuel_another_geyser
D:7:      uniq_menkaure, uniq_prince_ribbit1
D:8:      wad_woods_tower, minitemple, lair_entry_dummy, blue_anna_alchemist,
          grunt_ministairs_11, minmay_stone_trees_medium
Temple:   minmay_crystal_spiral_temple
Lair:1:   gammafunk_cloud_chamber, portal_ice_cave_demonic_guard, minivault_27,
          serial_bayou_pond_e

Skill      XL: |  1  2  3  4  5  6  7  8  9 10 |
---------------+-------------------------------+-----
Earth Magic    | 4 5 6 7 8 9 |  9.3
Spellcasting   | 3 4 5 6 |  6.9
Conjurations   | 1 2 3 5 6 7 |  7.3
Fighting       | 1 2 3 4 |  4.9
Dodging        | 2 3 4 |  4.1
Shields        | 1 2 3 4 |  4.0
Staves         | 1 2 3 4 |  4.3
Stealth        | |  2.1
Transmutations | |  0.7

Action                   |  1- 3 |  4- 6 |  7- 9 | 10-12 || total
-------------------------+-------+-------+-------+-------++-------
Melee: Unarmed           |    47 |       |       |       ||    47
       Whip              |   100 |    61 |       |       ||   161
       Staff             |       |   200 |   357 |     1 ||   558
 Cast: Sandblast         |    24 |    52 |    51 |    18 ||   145
       Stone Arrow       |       |    20 |    95 |    10 ||   125
       Lee's Rapid Decon |       |       |     2 |     1 ||     3
  Use: Scroll            |     5 |     4 |     7 |     4 ||    20
       Potion            |     1 |       |       |       ||     1
 Stab: Sleeping          |       |     6 |     3 |       ||     9
       Distracted        |       |     1 |       |       ||     1
  Eat: Chunk             |     1 |    13 |    18 |       ||    32
       Royal jelly       |       |       |     2 |       ||     2
       Fruit             |       |       |     1 |       ||     1
       Meat ration       |       |       |       |     1 ||     1
Armor: Robe              |    83 |   148 |   165 |     2 ||   398
Dodge: Dodged            |   144 |   242 |   275 |     8 ||   669
Block: Buckler           |       |    15 |    74 |     1 ||    90

Table legend:
 A = Spawn XP
 B = Non-spawn XP
 C = Spawn XP percentage of total XP
 D = Spawn monster count
 E = Non-spawn monster count
 F = Spawn count percentage of total count
 G = Total turns spent on level
                    A         B        C        D         E        F      G
               +---------+---------+-------+---------+---------+-------+---------
         Total |       0 |    7005 |   0.0 |       0 |     201 |   0.0 | 10011
               +---------+---------+-------+---------+---------+-------+---------
           D:1 |       0 |      67 |   0.0 |       0 |      35 |   0.0 |  1269
           D:2 |       0 |      71 |   0.0 |       0 |      24 |   0.0 |   739
           D:3 |       0 |     192 |   0.0 |       0 |      21 |   0.0 |  1552
           D:4 |       0 |     275 |   0.0 |       0 |      24 |   0.0 |  1011
           D:5 |       0 |     559 |   0.0 |       0 |      18 |   0.0 |   904
           D:6 |       0 |     964 |   0.0 |       0 |      30 |   0.0 |  1535
           D:7 |       0 |    1293 |   0.0 |       0 |      20 |   0.0 |  1365
           D:8 |       0 |    1448 |   0.0 |       0 |      23 |   0.0 |  1151
        Lair:1 |       0 |    2136 |   0.0 |       0 |       6 |   0.0 |   315
               +---------+---------+-------+---------+---------+-------+---------
